 Dungeon Crawl Stone Soup version 0.31.0-12-g77e489cdc1 (webtiles) character file.

Game seed: 15809114183617062996

5579 lordive the Destroyer (level 10, -5/58 HPs)
             Began as a Deep Elf Conjurer on Mar 2, 2024.
             Was a Believer of Vehumet.
             Killed from afar by a raiju (18 damage)
             ... with a living lightning
             ... on level 2 of the Abyss.
             The game lasted 00:25:20 (10165 turns).

lordive the Destroyer (Deep Elf Conjurer)          Turns: 10165, Time: 00:25:21

Health: -5/58      AC:  5    Str:  4    XL:     10   Next: 44%
Magic:  0/25       EV: 15    Int: 28    God:    Vehumet [**....]
Gold:   430        SH:  0    Dex: 13    Spells: 13/27 levels left

rFire   . . .        p - +4 quarterstaff (chaos)
rCold   + . .        (shield currently unavailable)
rNeg    . . .        w - +0 robe
rPois   .            (no helmet)
rElec   .            q - +1 cloak {rCorr}
rCorr   +            g - +0 pair of gloves
SInv    .            (no boots)
Will    +....        k - amulet of regeneration
Stlth   ++           m - ring of protection from cold
HPRegen 1.09/turn    F - ring of flight
MPRegen 0.19/turn

%: no passive effects
@: flying, very slightly contaminated
A: no striking features
a: Renounce Religion


You were on level 2 of the Abyss.
You worshipped Vehumet.
Vehumet was pleased with you.
You visited 2 branches of the dungeon, and saw 10 of its levels.
You visited the Abyss 1 time.
You also visited: Bailey.

You collected 430 gold pieces.

Inventory:

Hand Weapons
 p - a +4 quarterstaff of chaos (weapon)
Missiles
 I - a throwing net
Armour
 g - a +0 pair of gloves (worn)
 h - a +0 leather armour
 q - a +1 cloak of preservation (worn)
 w - a +0 robe (worn)
 E - a +0 buckler
Jewellery
 k - an amulet of regeneration (around neck)
 m - a ring of protection from cold (left hand)
 t - an amulet of magic regeneration
 F - a ring of flight (right hand)
Talismans
 n - a maw talisman
 y - a flux talisman
Wands
 D - a wand of polymorph (9)
 G - a wand of charming (16)
Scrolls
 a - 2 scrolls of poison
 d - 2 scrolls of brand weapon {unknown}
 i - a scroll of fog
 o - 4 scrolls of fear {unknown}
 r - a scroll of vulnerability {unknown}
 u - 2 scrolls of enchant weapon {unknown}
 v - a scroll of noise {unknown}
 x - a scroll of amnesia {unknown}
 z - a scroll of teleportation {unknown}
 B - a scroll of silence {unknown}
 C - a scroll of revelation {unknown}
 H - 2 scrolls of blinking {unknown}
 J - a scroll of identify
Potions
 b - a potion of magic
 c - 3 potions of heal wounds
 e - 3 potions of might
 f - 3 potions of brilliance
 j - a potion of curing
 l - a potion of enlightenment
 s - 2 potions of lignification
 A - a potion of haste {unknown}


   Skills:
 * Level 4.3 Fighting
 * Level 4.4 Armour
 * Level 8.0 Dodging
 - Level 2.4 Stealth
 + Level 9.0 Spellcasting
 * Level 9.3 Conjurations
 + Level 0.1 Hexes
 * Level 4.2 Alchemy
 * Level 5.3 Shapeshifting


You had 13 spell levels left.
You knew the following spells:

 Your Spells              Type           Power      Damage    Failure   Level
a - Magic Dart            Conj           100%       1d8       1%          1
b - Searing Ray           Conj           100%       2d8       1%          2
c - Fulminant Prism       Conj/Alch      25%        3d13      2%          4
d - Irradiate             Conj/Alch      25%        3d20      8%          5
e - Sting                 Conj/Alch      100%       1d9       1%          1
f - Slow                  Hex            52%        N/A       4%          1

Your spell library contained the following spells:

 Spells                   Type           Power      Damage    Failure   Level
 Hailstorm                Conj/Ice       38%        3d9       1%          3
 Mephitic Cloud           Conj/Alch/Air  37%        N/A       1%          3
 Mercury Vapours          Alch/Air       48%        N/A       2%          2
 Iskenderun's Mystic Bla  Conj/Tloc      38%        2d9       6%          4
 Ensorcelled Hibernation  Hex/Ice        24%        N/A       7%          2
 Confusing Touch          Hex            13%        N/A       13%         3
 Fugue of the Fallen      Necr           12%        N/A       13%         3
 Inner Flame              Hex/Fire       12%        N/A       13%         3
 Sigil of Binding         Hex            13%        N/A       13%         3
 Vampiric Draining        Necr           12%        2d6       13%         3
 Freezing Cloud           Conj/Ice/Air   15%        6-21      34%         5
 Anguish                  Hex/Necr       6%         N/A       41%         4
 Ignition                 Fire           6%         3d4       100%        8


Dungeon Overview and Level Annotations

Branches:
Dungeon (9/15)             Temple (1/1) D:6          Bailey (visited)
   Lair: D:8-11         Orc: D:9-12

Altars:
Ashenzari
Cheibriados
Dithmenos
Elyvilon
Fedhas
Gozag
Hepliaklqana
Kikubaaqudgha
Nemelex Xobeh
Okawaru
Qazlal
Ru
Sif Muna
Trog
Uskayaw
Vehumet
Wu Jian
Xom
Yredelemnul
Zin
The Shining One

Shops:
D:9 *

Annotations:
D:6 1 runed translucent door, Saint1's ghost, amateur TrSh
D:9 Erolcha


Message History

The raiju is blasted with magical radiation!!
You kill the raiju!
Vehumet accepts your kill.
You are very lightly contaminated with residual magic.
Your fulminant prism crackles loudly.
The raiju bites you.
* * * LOW HITPOINT WARNING * * *
The raiju shocks you.
* * * LOW HITPOINT WARNING * * *
Your Alchemy skill increases to level 4!
Unknown command.
Casting: Irradiate (quite dangerous; 8% risk of failure)
Confirm with . or Enter, or press ? or * to list all spells.
You erupt in a fountain of uncontrolled magic!
The raiju is blasted with magical radiation!!!
You kill the raiju!
Vehumet accepts your kill.
You are lightly contaminated with residual magic.
Your fulminant prism explodes!
A raiju comes into view.
Your Spellcasting skill increases to level 9!
Unknown command.
Casting: Irradiate (quite dangerous; 8% risk of failure)
Confirm with . or Enter, or press ? or * to list all spells.
Aiming: Magic Dart (safe; 1% risk of failure)
Press: ? - help, Shift-Dir - straight line, f - raiju
Aim: a raiju (100% to hit)
The magic dart hits the raiju.
The raiju is lightly wounded.
Unknown command.
Casting: Magic Dart (safe; 1% risk of failure)
Confirm with . or Enter, or press ? or * to list all spells.
You don't have enough magic to cast this spell.
Unknown command.
Unknown command.
A raiju comes into view.
The raiju barks!
The raiju bursts into living lightning!
The living lightning hits you!!
You die...

.# .# # . . #
## .#h .
#.#.##.. h#
.#......###.#
#....#..#.†#
#.....††.##
#.#..# . #.##
. #.@## .
#.### #.#.##
# ~..# #.#...
≈~ ~#..
...##.♣≈≈~≈
###..##..~~
~~. ###. #
.~~♣~~~ #.
.....~~♣ ###.
..##~ ♣# #..
.#. #~~~.


You could see 2 raiju.

Vanquished Creatures
  Amaemon (D:8)
  An orange demon (D:8)
  Grinder (D:3)
  4 raiju (Abyss:2)
  A wyvern (D:8)
  2 steam dragons (D:7)
  2 water moccasins
  A black bear (D:7)
  3 ice beasts
  5 orc warriors
  A phantom (D:5)
  2 centaurs
  A kobold brigand (D:7)
  4 bullfrogs
  A gnoll sergeant (D:9)
  2 scorpions
  7 wights
  9 killer bees
  A gnoll bouda (D:7)
  3 orc priests
  Crazy Yiuf (D:2)
  2 sleepcaps (D:7)
  5 iguanas
  9 orc wizards
  16 gnolls
  2 adders
  3 shadow imps
  A white imp (Abyss:2)
  5 dart slugs
  2 ribbon worms (D:2)
  24 orcs
  3 endoplasms
  3 giant cockroaches
  7 goblins
  3 hobgoblins
  12 kobolds
  2 quokkas
  4 ball pythons
  A bat (D:2)
  2 frilled lizards
  9 rats
168 creatures vanquished.

Vanquished Creatures (others)
  A wight (D:7)
  An orc wizard (D:7)
  16 fulminant prisms
18 creatures vanquished.

Grand Total: 186 creatures vanquished

Notes
Turn   | Place    | Note
-------+----------+-------------------------------------------
     0 | D:1      | lordive the Deep Elf Conjurer began the quest for the Orb.
     0 | D:1      | Reached XP level 1. HP: 10/10 MP: 6/6
   295 | D:1      | Reached XP level 2. HP: 16/16 MP: 5/8
   411 | D:1      | Learned a level 2 spell: Searing Ray
  1072 | D:2      | Reached skill level 5 in Conjurations
  1241 | D:2      | Reached XP level 3. HP: 5/20 MP: 0/9
  1744 | D:2      | Found a hazy altar of Hepliaklqana.
  2127 | D:2      | Found a runed translucent door.
  2128 | D:2      | Noticed Crazy Yiuf
  2134 | D:2      | Killed Crazy Yiuf
  2135 | D:2      | Reached XP level 4. HP: 24/24 MP: 6/11
  2256 | D:3      | Reached skill level 1 in Fighting
  2875 | D:3      | Noticed Grinder
  2883 | D:3      | Killed Grinder
  2884 | D:3      | Reached skill level 1 in Armour
  2884 | D:3      | Reached skill level 1 in Shapeshifting
  2884 | D:3      | Reached XP level 5. HP: 22/29 MP: 2/13
  2884 | D:3      | Reached XP level 6. HP: 26/34 MP: 2/14
  3451 | D:4      | Noticed a +0 dagger
  3451 | D:4      | Noticed a +0 hand axe
  3452 | D:4      | Found a hide-covered altar of Uskayaw.
  4424 | D:5      | Entered Level 5 of the Dungeon
  4526 | D:5      | Noticed an ice beast
  4540 | D:4      | Reached skill level 5 in Spellcasting
  4540 | D:4      | Reached XP level 7. HP: 8/40 MP: 5/16
  4682 | D:4      | Learned a level 4 spell: Fulminant Prism
  4688 | D:4      | Learned a level 5 spell: Irradiate
  6132 | D:5      | Found a white marble altar of Elyvilon.
  6266 | D:6      | Found a staircase to the Ecumenical Temple.
  6273 | Temple   | Entered the Ecumenical Temple
  6306 | Temple   | Became a worshipper of Vehumet
  6379 | D:6      | Reached skill level 5 in Dodging
  6379 | D:6      | Reached XP level 8. HP: 15/45 MP: 8/19
  6880 | D:6      | Found a runed translucent door.
  6881 | D:6      | Noticed Saint1's ghost (amateur TrSh)
  7052 | D:6      | Found a bloodstained altar of Trog.
  7613 | D:7      | Reached skill level 1 in Alchemy
  7738 | D:7      | Reached * piety under Vehumet
  7738 | D:7      | Offered knowledge of Sting by Vehumet.
  7811 | D:7      | Found a flagged portal.
  7827 | Bailey   | Entered a bailey
  7864 | Bailey   | Learned a level 1 spell: Sting
  7866 | Bailey   | Learned a level 1 spell: Slow
  7901 | Bailey   | Noticed an orc knight
  7913 | Bailey   | Reached XP level 9. HP: 39/51 MP: 12/21
  7955 | D:7      | Offered knowledge of Momentum Strike by Vehumet.
  7956 | D:7      | HP: 2/51 [something/puff of flame (6)]
  8387 | D:7      | Reached ** piety under Vehumet
  9139 | D:8      | Noticed an orange demon
  9139 | D:8      | Noticed Amaemon
  9393 | D:8      | Killed an orange demon
  9399 | D:8      | Killed Amaemon
  9400 | D:8      | Reached skill level 5 in Shapeshifting
  9400 | D:8      | Reached XP level 10. HP: 43/56 MP: 3/24
  9700 | D:9      | Found Woamaupp's Mass Market.
  9834 | D:9      | Offered knowledge of Hailstorm by Vehumet.
 10021 | D:9      | Noticed a two-headed ogre
 10026 | D:9      | Noticed Erolcha
 10038 | Abyss:2  | Cast into level 2 of the Abyss (Erolcha)
 10165 | Abyss:2  | Killed from afar by a raiju

Illustrated notes

Levels and vault maps discovered:
D:1:      minmay_arrival_cross, layout_loops_ring
D:2:      layout_loops_ring, basic_altar, uniq_crazy_yiuf_cottage
D:3:      layout_basic, uniq_grinder
D:4:      layout_cave_pods, dancing_weapons_uskayaw
D:5:      layout_layer_cave, nicolae_elyvilon_temple_path,
          minmay_stone_trees_small
D:6:      layout_basic, mainiacjoe_overflow_brackets,
          minmay_temple_entry_arrows, ebering_ghost_reflecting_pool
D:7:      layout_basic, enter_bailey_2
D:8:      layout_cave_pools, minmay_crossroads, uniq_amaemon
D:9:      layout_basic, minmay_shop_mass, minmay_misc_feat_four_crosses,
          uniq_erolcha
Temple:   dpeg_five_rooms_temple
Abyss:2:  base:
D:9

Skill      XL: |  1  2  3  4  5  6  7  8  9 10 |
---------------+-------------------------------+-----
Conjurations   | 5 6 7 8 9 |  9.3
Dodging        | 3 4 5 6 7 8 |  8.0
Fighting       | 1 2 3 4 |  4.3
Armour         | 1 2 3 4 |  4.4
Spellcasting   | 4 5 6 7 8 9 |  9.0
Shapeshifting  | 1 2 3 4 5 |  5.3
Alchemy        | 2 3 4 |  4.2
Stealth        | |  2.4
Hexes          | |  0.1

Action                     |  1- 3 |  4- 6 |  7- 9 | 10-12 || total
---------------------------+-------+-------+-------+-------++-------
  Melee: Unarmed           |     7 |       |       |       ||     7
         Quarterstaff      |       |       |     1 |       ||     1
   Cast: Magic Dart        |    32 |     9 |    52 |     6 ||    99
         Searing Ray       |    12 |    29 |    75 |    13 ||   129
         Fulminant Prism   |       |       |     7 |    11 ||    18
         Slow              |       |       |     1 |     1 ||     2
         Irradiate         |       |       |       |     2 ||     2
    Use: Potion            |       |       |     8 |       ||     8
         Scroll            |       |       |     4 |       ||     4
 Armour: Leather armour    |    10 |    19 |       |       ||    29
         Robe              |       |       |    76 |    18 ||    94
         Skin              |       |       |     3 |       ||     3
  Dodge: Dodged            |    16 |    23 |    91 |    12 ||   142
